[ PARTIDA AOE2 · #476258186 ]
Team RMMuiscas vs Khitans
[ ANÁLISIS DE REPETICIÓN · EXTRAÍDO DE LA PARTIDA GRABADA ]
Feudal
10:27
Castillos
26:53
Imperial
53:28
| APM promedio | 33.3 |
| APM pico | 57 |
| eAPM promedio | 17.9 |
| Aldeanos / militares | 107 / 86 |
Foco
⚔️ 40.9% · 🌾 59.1%
Archer ×74 · Unknown (2562) ×39 · Scorpion ×5 · Spearman ×3 · Battering Ram ×2 · Monk ×1
Feudal
9:16
Castillos
22:27
Imperial
53:34
| APM promedio | 41.2 |
| APM pico | 90 |
| eAPM promedio | 19.3 |
| Aldeanos / militares | 134 / 144 |
Foco
⚔️ 45.2% · 🌾 54.8%
Archer ×144
Feudal
9:56
Castillos
23:01
Imperial
34:24
| APM promedio | 102.8 |
| APM pico | 186 |
| eAPM promedio | 29.9 |
| Aldeanos / militares | 166 / 256 |
Foco
⚔️ 33.3% · 🌾 66.7%
Archer ×203 · Spearman ×43 · Skirmisher ×6 · Trebuchet (Packed) ×3 · Monk ×1
Feudal
9:42
Castillos
22:24
Imperial
47:04
| APM promedio | 72.9 |
| APM pico | 163 |
| eAPM promedio | 18.7 |
| Aldeanos / militares | 104 / 149 |
Foco
⚔️ 44.2% · 🌾 55.8%
Bolas Rider ×126 · Archer ×22 · Skirmisher ×1
Feudal
9:03
Castillos
24:10
Imperial
—
| APM promedio | 37.5 |
| APM pico | 78 |
| eAPM promedio | 14.3 |
| Aldeanos / militares | 148 / 175 |
Foco
⚔️ 26.5% · 🌾 73.5%
Scout Cavalry ×150 · Camel Scout ×25
Feudal
8:32
Castillos
22:47
Imperial
41:42
| APM promedio | 39.6 |
| APM pico | 87 |
| eAPM promedio | 25.0 |
| Aldeanos / militares | 187 / 238 |
Foco
⚔️ 39.5% · 🌾 60.5%
Battle Elephant ×214 · Scout Cavalry ×23 · Mangonel ×1
Mapa de la partida
Recursos iniciales + cada clic de construcción. Líneas = muros · curvas = relieve. ◆ oro · ⬟ piedra · ● bayas · ✦ reliquia · ◌ hueco del cierre
Tu base· Abierta — hueco de 3t
Base de Claymore_微笑的特雷莎· ✓ Cerrada en 22:27 · 32t muro · 1 puerta(s)
Base de Spartacus1123· Abierta — hueco de 10t
Base de Steven S Lee· ✓ Cerrada en 22:24 · 35t muro · 1 puerta(s)
Base de 3Q-· ✓ Cerrada en 24:10 · 30t muro · 2 puerta(s)
Base de Fred's real son· ✓ Cerrada en 22:47 · 49t muro · sin puerta
Terreno inicial suavizado · ◌ = hueco del cierre detectado · pasá el cursor para detalles
Inputs por minuto
— argum - - Claymore_微笑的特雷莎
Build order — argum
Primeras 150 de 354 acciones detectadas
| 0:01 | Crear | Villager (Male) ×4 |
| 0:03 | Construir | House |
| 0:04 | Construir | House |
| 1:36 | Crear | Villager (Male) |
| 2:05 | Crear | Villager (Male) |
| 2:20 | Construir | Settlement |
| 2:25 | Crear | Villager (Male) |
| 2:51 | Crear | Villager (Male) |
| 3:04 | Construir | Outpost |
| 3:09 | Construir | Outpost |
| 3:10 | Crear | Villager (Male) |
| 3:24 | Crear | Villager (Male) |
| 4:09 | Crear | Villager (Male) |
| 4:19 | Crear | Villager (Male) |
| 4:22 | Construir | Settlement |
| 5:05 | Crear | Villager (Male) |
| 5:29 | Crear | Villager (Male) |
| 5:33 | Crear | Villager (Male) |
| 6:08 | Crear | Villager (Male) |
| 6:10 | Crear | Villager (Male) |
| 6:42 | Investigar | Loom |
| 6:58 | Crear | Villager (Male) |
| 7:37 | Crear | Villager (Male) |
| 8:17 | Investigar | Feudal Age |
| 8:43 | Construir | Palisade Wall |
| 8:49 | Construir | Barracks |
| 9:01 | Construir | Palisade Wall |
| 9:02 | Construir | Palisade Wall |
| 9:10 | Construir | Palisade Wall |
| 9:12 | Crear | Villager (Male) |
| 9:27 | Construir | House |
| 9:38 | Construir | Palisade Wall |
| 9:45 | Construir | Palisade Wall |
| 9:58 | Construir | House |
| 10:15 | Construir | Outpost |
| 10:27 | Construir | Palisade Wall |
| 10:27 | Edad | Edad Feudal |
| 10:34 | Construir | Archery Range |
| 11:04 | Construir | House |
| 11:06 | Construir | Palisade Wall |
| 11:09 | Crear | Villager (Male) |
| 11:11 | Crear | Archer |
| 11:14 | Construir | Archery Range |
| 11:33 | Construir | House |
| 11:40 | Crear | Archer |
| 11:51 | Crear | Villager (Male) |
| 11:53 | Crear | Archer |
| 12:16 | Crear | Archer |
| 12:40 | Crear | Villager (Male) |
| 12:43 | Crear | Villager (Male) |
| 12:55 | Construir | House |
| 13:01 | Crear | Archer |
| 13:06 | Crear | Archer |
| 13:12 | Construir | Settlement |
| 13:35 | Crear | Villager (Male) |
| 13:42 | Crear | Archer |
| 13:51 | Crear | Archer |
| 13:59 | Investigar | Double-Bit Axe |
| 14:01 | Crear | Archer |
| 14:15 | Crear | Archer |
| 14:25 | Crear | Villager (Male) |
| 14:33 | Crear | Archer |
| 14:52 | Crear | Archer |
| 14:53 | Crear | Villager (Male) |
| 15:14 | Construir | Blacksmith |
| 15:17 | Crear | Archer |
| 15:17 | Crear | Villager (Male) |
| 15:21 | Crear | Spearman |
| 15:31 | Construir | Palisade Wall |
| 15:32 | Construir | House |
| 15:36 | Crear | Archer |
| 15:54 | Crear | Archer |
| 16:08 | Investigar | Fletching |
| 16:31 | Crear | Archer |
| 16:31 | Crear | Archer |
| 16:41 | Construir | Farm |
| 16:43 | Construir | Farm |
| 16:47 | Construir | Farm |
| 16:53 | Construir | House |
| 17:02 | Crear | Archer |
| 17:03 | Crear | Villager (Male) |
| 17:16 | Crear | Archer |
| 17:33 | Construir | Palisade Wall |
| 17:35 | Construir | Farm |
| 17:37 | Crear | Villager (Male) |
| 17:56 | Crear | Archer |
| 17:56 | Crear | Archer |
| 17:57 | Crear | Villager (Male) |
| 18:10 | Crear | Archer |
| 18:12 | Crear | Villager (Male) |
| 18:14 | Construir | Farm |
| 18:14 | Construir | Farm |
| 18:15 | Construir | Farm |
| 18:34 | Crear | Archer |
| 18:49 | Crear | Archer |
| 18:50 | Crear | Villager (Male) |
| 19:13 | Crear | Archer |
| 19:13 | Crear | Villager (Male) |
| 19:22 | Crear | Archer |
| 19:22 | Crear | Archer |
| 19:22 | Crear | Villager (Male) |
| 19:24 | Construir | Farm |
| 19:25 | Construir | Farm |
| 19:26 | Construir | Farm |
| 19:27 | Construir | Farm |
| 19:39 | Construir | Farm |
| 19:45 | Construir | Farm |
| 19:51 | Crear | Spearman |
| 19:53 | Crear | Archer |
| 20:10 | Construir | Farm |
| 20:10 | Crear | Villager (Male) |
| 20:37 | Crear | Archer |
| 20:37 | Crear | Archer |
| 20:38 | Crear | Villager (Male) |
| 20:40 | Construir | Farm |
| 20:47 | Construir | Farm |
| 20:53 | Crear | Archer |
| 20:54 | Crear | Spearman |
| 20:56 | Crear | Villager (Male) |
| 21:09 | Crear | Archer |
| 21:17 | Construir | House |
| 21:18 | Construir | House |
| 21:42 | Crear | Villager (Male) |
| 21:43 | Investigar | Wheelbarrow |
| 22:11 | Crear | Archer |
| 22:11 | Crear | Archer |
| 22:13 | Crear | Villager (Male) |
| 22:25 | Construir | House |
| 22:49 | Crear | Archer |
| 22:49 | Crear | Archer |
| 23:04 | Construir | Market |
| 23:10 | Construir | House |
| 23:26 | Crear | Archer |
| 23:26 | Crear | Archer |
| 24:13 | Investigar | Castle Age |
| 24:26 | Investigar | Gold Mining |
| 24:47 | Investigar | Horse Collar |
| 24:48 | Crear | Archer |
| 24:48 | Crear | Archer |
| 25:27 | Crear | Archer |
| 25:27 | Crear | Archer |
| 25:28 | Crear | Archer |
| 26:11 | Construir | Stone Wall |
| 26:15 | Construir | Stone Wall |
| 26:53 | Edad | Edad de los Castillos |
| 26:54 | Crear | Villager (Male) |
| 27:01 | Construir | Town Center |
| 27:03 | Investigar | Bow Saw |
| 27:09 | Investigar | Gold Shaft Mining |
| 27:21 | Investigar | Crossbowman (upgrade) |
Build order — Claymore_微笑的特雷莎
Primeras 150 de 436 acciones detectadas
| 0:00 | Crear | Villager (Male) |
| 0:00 | Crear | Villager (Male) |
| 0:01 | Crear | Villager (Male) |
| 0:02 | Construir | House |
| 0:04 | Construir | House |
| 0:19 | Crear | Villager (Male) |
| 0:20 | Crear | Villager (Male) |
| 1:19 | Crear | Villager (Male) |
| 1:19 | Crear | Villager (Male) |
| 1:57 | Crear | Villager (Male) |
| 1:57 | Crear | Villager (Male) |
| 1:59 | Construir | Lumber Camp |
| 2:25 | Crear | Villager (Male) |
| 2:25 | Crear | Villager (Male) |
| 3:16 | Crear | Villager (Male) |
| 3:17 | Crear | Villager (Male) |
| 3:36 | Construir | House |
| 3:41 | Crear | Villager (Male) |
| 3:41 | Crear | Villager (Male) |
| 4:19 | Crear | Villager (Male) |
| 4:19 | Crear | Villager (Male) |
| 5:05 | Crear | Villager (Male) |
| 5:05 | Crear | Villager (Male) |
| 5:32 | Construir | Mining Camp |
| 5:59 | Crear | Villager (Male) |
| 6:00 | Investigar | Loom |
| 7:06 | Investigar | Feudal Age |
| 7:18 | Construir | Lumber Camp |
| 7:42 | Construir | Barracks |
| 8:20 | Construir | House |
| 8:22 | Construir | House |
| 8:53 | Construir | Palisade Wall |
| 9:14 | Crear | Villager (Male) |
| 9:16 | Edad | Edad Feudal |
| 9:19 | Construir | Archery Range |
| 9:23 | Construir | Archery Range |
| 9:26 | Investigar | Double-Bit Axe |
| 9:28 | Crear | Villager (Male) |
| 9:28 | Crear | Villager (Male) |
| 9:48 | Construir | Mill |
| 9:58 | Construir | House |
| 10:11 | Crear | Archer |
| 10:18 | Crear | Archer |
| 10:26 | Crear | Villager (Male) |
| 10:36 | Construir | Farm |
| 10:39 | Construir | Farm |
| 10:42 | Crear | Villager (Male) |
| 10:55 | Crear | Archer |
| 10:55 | Crear | Archer |
| 11:09 | Construir | House |
| 11:16 | Crear | Villager (Male) |
| 11:21 | Construir | House |
| 11:27 | Construir | Palisade Wall |
| 11:29 | Construir | House |
| 11:31 | Crear | Archer |
| 11:32 | Crear | Archer |
| 11:40 | Construir | Palisade Wall |
| 11:48 | Crear | Villager (Male) |
| 11:54 | Crear | Archer |
| 11:54 | Crear | Archer |
| 12:15 | Construir | Palisade Wall |
| 12:18 | Construir | Palisade Wall |
| 12:27 | Construir | Blacksmith |
| 12:31 | Construir | Palisade Wall |
| 12:37 | Crear | Archer |
| 12:38 | Crear | Archer |
| 12:39 | Crear | Villager (Male) |
| 12:50 | Construir | House |
| 12:56 | Construir | Palisade Wall |
| 13:07 | Construir | House |
| 13:10 | Construir | Palisade Wall |
| 13:13 | Crear | Archer |
| 13:13 | Crear | Archer |
| 13:15 | Crear | Villager (Male) |
| 13:20 | Construir | Farm |
| 13:32 | Crear | Archer |
| 13:32 | Crear | Archer |
| 13:36 | Crear | Villager (Male) |
| 13:56 | Investigar | Fletching |
| 14:02 | Construir | Farm |
| 14:05 | Crear | Villager (Male) |
| 14:09 | Construir | Farm |
| 14:17 | Crear | Archer |
| 14:18 | Crear | Archer |
| 14:38 | Crear | Villager (Male) |
| 14:42 | Construir | Farm |
| 15:37 | Crear | Villager (Male) |
| 15:38 | Crear | Villager (Male) |
| 15:41 | Construir | Farm |
| 15:45 | Investigar | Horse Collar |
| 15:48 | Construir | Farm |
| 16:09 | Construir | House |
| 16:10 | Construir | House |
| 16:31 | Crear | Villager (Male) |
| 16:34 | Construir | Farm |
| 16:35 | Crear | Archer |
| 16:35 | Crear | Archer |
| 16:47 | Crear | Villager (Male) |
| 16:51 | Construir | Farm |
| 16:55 | Crear | Archer |
| 16:56 | Crear | Archer |
| 17:24 | Crear | Archer |
| 17:25 | Crear | Archer |
| 17:27 | Crear | Villager (Male) |
| 17:29 | Construir | Farm |
| 17:32 | Construir | Farm |
| 17:49 | Crear | Archer |
| 17:49 | Crear | Archer |
| 17:56 | Construir | Market |
| 18:11 | Crear | Villager (Male) |
| 18:16 | Construir | Farm |
| 18:27 | Construir | Farm |
| 18:31 | Crear | Archer |
| 18:32 | Crear | Archer |
| 19:15 | Construir | Palisade Gate |
| 19:17 | Construir | House |
| 19:18 | Crear | Archer |
| 19:18 | Crear | Archer |
| 19:42 | Construir | Lumber Camp |
| 19:47 | Investigar | Castle Age |
| 19:51 | Investigar | Padded Archer Armor |
| 19:51 | Investigar | Padded Archer Armor |
| 19:53 | Crear | Archer |
| 20:09 | Construir | House |
| 20:34 | Construir | House |
| 22:14 | Construir | Palisade Wall |
| 22:23 | Crear | Villager (Male) |
| 22:27 | Edad | Edad de los Castillos |
| 22:28 | Construir | House |
| 22:29 | Investigar | Crossbowman (upgrade) |
| 22:30 | Investigar | Bodkin Arrow |
| 22:30 | Investigar | Bodkin Arrow |
| 22:31 | Investigar | Bow Saw |
| 22:31 | Investigar | Bow Saw |
| 22:43 | Investigar | Leather Archer Armor |
| 22:53 | Construir | University |
| 22:56 | Crear | Villager (Male) |
| 23:05 | Construir | Town Center |
| 23:16 | Crear | Archer |
| 23:16 | Crear | Archer |
| 23:17 | Crear | Archer |
| 23:29 | Crear | Archer |
| 23:30 | Crear | Archer |
| 23:30 | Crear | Archer |
| 23:47 | Crear | Villager (Male) |
| 23:47 | Crear | Villager (Male) |
| 24:45 | Crear | Archer |
| 24:45 | Crear | Archer |
| 24:55 | Investigar | Ballistics |
| 25:29 | Crear | Villager (Male) |
Build order — Spartacus1123
Primeras 150 de 628 acciones detectadas
| 0:02 | Investigar | Loom |
| 0:02 | Investigar | Loom |
| 0:04 | Construir | House |
| 0:05 | Construir | House |
| 0:20 | Crear | Villager (Male) |
| 0:20 | Crear | Villager (Male) |
| 0:20 | Crear | Villager (Male) |
| 0:21 | Crear | Villager (Male) |
| 1:28 | Crear | Villager (Male) |
| 1:28 | Crear | Villager (Male) |
| 1:46 | Construir | Lumber Camp |
| 2:11 | Crear | Villager (Male) |
| 2:11 | Crear | Villager (Male) |
| 2:12 | Crear | Villager (Male) |
| 2:58 | Crear | Villager (Male) |
| 3:29 | Crear | Villager (Male) |
| 3:29 | Crear | Villager (Male) |
| 3:38 | Construir | House |
| 3:56 | Crear | Villager (Male) |
| 3:56 | Crear | Villager (Male) |
| 3:58 | Construir | Mill |
| 4:15 | Crear | Villager (Male) |
| 4:36 | Crear | Villager (Male) |
| 4:36 | Crear | Villager (Male) |
| 5:04 | Crear | Villager (Male) |
| 5:18 | Crear | Villager (Male) |
| 5:34 | Crear | Villager (Male) |
| 5:46 | Construir | House |
| 6:06 | Crear | Villager (Male) |
| 6:44 | Crear | Villager (Male) |
| 6:58 | Construir | Mining Camp |
| 7:19 | Crear | Villager (Male) |
| 7:46 | Investigar | Feudal Age |
| 7:46 | Investigar | Feudal Age |
| 7:58 | Construir | Palisade Wall |
| 8:12 | Construir | House |
| 8:43 | Construir | Lumber Camp |
| 8:47 | Construir | Palisade Wall |
| 9:00 | Crear | Villager (Male) |
| 9:00 | Crear | Villager (Male) |
| 9:37 | Construir | Barracks |
| 9:56 | Edad | Edad Feudal |
| 10:03 | Construir | Palisade Wall |
| 10:13 | Construir | Archery Range |
| 10:22 | Crear | Villager (Male) |
| 10:26 | Investigar | Double-Bit Axe |
| 10:26 | Investigar | Double-Bit Axe |
| 10:48 | Crear | Villager (Male) |
| 10:50 | Crear | Archer |
| 11:07 | Crear | Archer |
| 11:24 | Construir | Archery Range |
| 11:34 | Crear | Archer |
| 11:39 | Crear | Villager (Male) |
| 11:45 | Construir | House |
| 11:52 | Crear | Archer |
| 11:55 | Crear | Villager (Male) |
| 12:13 | Construir | House |
| 12:25 | Construir | Blacksmith |
| 12:29 | Crear | Archer |
| 12:29 | Crear | Archer |
| 12:44 | Crear | Archer |
| 12:50 | Construir | House |
| 13:03 | Construir | Farm |
| 13:05 | Construir | Farm |
| 13:06 | Crear | Villager (Male) |
| 13:12 | Investigar | Fletching |
| 13:12 | Investigar | Fletching |
| 13:17 | Crear | Archer |
| 13:23 | Crear | Villager (Male) |
| 13:25 | Construir | House |
| 13:35 | Crear | Archer |
| 13:35 | Crear | Archer |
| 13:37 | Crear | Villager (Male) |
| 13:39 | Construir | Farm |
| 13:45 | Crear | Villager (Male) |
| 13:53 | Crear | Archer |
| 13:53 | Crear | Archer |
| 14:02 | Construir | House |
| 14:20 | Crear | Archer |
| 14:35 | Investigar | Padded Archer Armor |
| 14:35 | Investigar | Padded Archer Armor |
| 14:42 | Crear | Archer |
| 14:42 | Crear | Archer |
| 14:44 | Crear | Villager (Male) |
| 14:47 | Construir | Palisade Wall |
| 14:50 | Construir | Farm |
| 14:53 | Construir | Farm |
| 15:05 | Crear | Villager (Male) |
| 15:14 | Construir | House |
| 15:15 | Construir | House |
| 15:19 | Crear | Archer |
| 15:20 | Crear | Archer |
| 15:22 | Crear | Villager (Male) |
| 15:26 | Construir | Farm |
| 15:29 | Construir | Farm |
| 15:42 | Crear | Archer |
| 15:43 | Crear | Archer |
| 15:51 | Crear | Villager (Male) |
| 15:55 | Construir | Farm |
| 15:56 | Crear | Villager (Male) |
| 16:03 | Crear | Archer |
| 16:07 | Construir | Farm |
| 16:12 | Construir | House |
| 16:13 | Construir | House |
| 16:30 | Crear | Archer |
| 16:31 | Crear | Villager (Male) |
| 16:34 | Construir | Farm |
| 16:43 | Crear | Archer |
| 16:46 | Construir | Farm |
| 16:59 | Crear | Archer |
| 17:00 | Crear | Villager (Male) |
| 17:05 | Construir | Palisade Wall |
| 17:15 | Construir | House |
| 17:18 | Construir | Palisade Wall |
| 17:25 | Crear | Archer |
| 17:25 | Crear | Archer |
| 17:26 | Crear | Villager (Male) |
| 17:29 | Construir | House |
| 17:29 | Construir | Palisade Wall |
| 17:58 | Crear | Archer |
| 18:01 | Crear | Villager (Male) |
| 18:04 | Construir | Farm |
| 18:14 | Investigar | Wheelbarrow |
| 18:23 | Construir | Farm |
| 18:25 | Construir | Farm |
| 18:56 | Crear | Archer |
| 18:57 | Crear | Archer |
| 19:21 | Crear | Villager (Male) |
| 19:22 | Crear | Archer |
| 19:22 | Crear | Archer |
| 19:36 | Construir | Archery Range |
| 19:49 | Construir | Palisade Wall |
| 19:52 | Construir | Farm |
| 19:59 | Construir | Palisade Wall |
| 20:21 | Investigar | Castle Age |
| 20:21 | Investigar | Castle Age |
| 20:24 | Crear | Archer |
| 20:25 | Crear | Archer |
| 20:25 | Crear | Archer |
| 20:25 | Crear | Archer |
| 20:46 | Crear | Archer |
| 20:46 | Crear | Archer |
| 20:57 | Construir | Market |
| 21:00 | Crear | Archer |
| 21:00 | Crear | Archer |
| 21:05 | Crear | Archer |
| 21:05 | Crear | Archer |
| 21:21 | Crear | Archer |
| 21:21 | Crear | Archer |
| 21:22 | Crear | Archer |
Build order — Steven S Lee
Primeras 150 de 350 acciones detectadas
| 0:00 | Crear | Villager (Male) |
| 0:01 | Crear | Villager (Male) |
| 0:01 | Crear | Villager (Male) |
| 0:01 | Crear | Villager (Male) |
| 0:02 | Construir | House |
| 0:03 | Construir | House |
| 1:24 | Crear | Villager (Male) |
| 1:24 | Crear | Villager (Male) |
| 2:07 | Crear | Villager (Male) |
| 2:13 | Construir | Settlement |
| 2:15 | Crear | Villager (Male) |
| 3:07 | Crear | Villager (Male) |
| 3:07 | Crear | Villager (Male) |
| 3:07 | Crear | Villager (Male) |
| 3:57 | Crear | Villager (Male) |
| 3:57 | Crear | Villager (Male) |
| 3:57 | Crear | Villager (Male) |
| 3:57 | Crear | Villager (Male) |
| 5:22 | Construir | Settlement |
| 5:27 | Crear | Villager (Male) |
| 5:27 | Crear | Villager (Male) |
| 6:03 | Crear | Villager (Male) |
| 6:04 | Crear | Villager (Male) |
| 6:51 | Investigar | Loom |
| 7:16 | Investigar | Feudal Age |
| 7:32 | Construir | Barracks |
| 7:51 | Crear | Villager (Male) |
| 8:30 | Construir | Palisade Wall |
| 8:31 | Construir | Palisade Wall |
| 8:41 | Construir | Palisade Gate |
| 9:16 | Construir | House |
| 9:23 | Construir | Palisade Wall |
| 9:24 | Construir | Palisade Wall |
| 9:24 | Construir | Palisade Wall |
| 9:31 | Construir | Palisade Wall |
| 9:31 | Construir | Palisade Wall |
| 9:32 | Construir | Palisade Wall |
| 9:32 | Construir | Palisade Wall |
| 9:33 | Construir | Palisade Wall |
| 9:34 | Construir | Palisade Wall |
| 9:42 | Edad | Edad Feudal |
| 9:46 | Construir | Archery Range |
| 9:48 | Construir | Archery Range |
| 9:52 | Crear | Villager (Male) |
| 9:53 | Crear | Skirmisher |
| 9:55 | Investigar | Double-Bit Axe |
| 10:17 | Construir | Blacksmith |
| 10:26 | Crear | Villager (Male) |
| 10:42 | Crear | Villager (Male) |
| 10:52 | Crear | Archer |
| 11:02 | Crear | Villager (Male) |
| 11:08 | Construir | House |
| 11:11 | Construir | House |
| 11:19 | Construir | Farm |
| 11:25 | Crear | Archer |
| 11:41 | Construir | Farm |
| 11:45 | Construir | House |
| 11:49 | Construir | Palisade Wall |
| 11:57 | Crear | Villager (Male) |
| 12:02 | Crear | Archer |
| 12:16 | Construir | Farm |
| 12:19 | Crear | Archer |
| 12:21 | Crear | Villager (Male) |
| 12:58 | Investigar | Fletching |
| 13:02 | Crear | Villager (Male) |
| 13:09 | Crear | Villager (Male) |
| 13:11 | Construir | Farm |
| 13:12 | Construir | Farm |
| 13:13 | Construir | Farm |
| 13:19 | Crear | Villager (Male) |
| 13:23 | Crear | Archer |
| 13:23 | Crear | Archer |
| 13:28 | Construir | Farm |
| 13:40 | Crear | Archer |
| 13:40 | Crear | Archer |
| 13:57 | Construir | House |
| 14:00 | Construir | Palisade Wall |
| 14:01 | Construir | Palisade Wall |
| 14:01 | Construir | Palisade Wall |
| 14:03 | Construir | Palisade Wall |
| 14:07 | Crear | Villager (Male) |
| 14:08 | Crear | Archer |
| 14:10 | Construir | Farm |
| 14:26 | Investigar | Fletching |
| 14:26 | Investigar | Fletching |
| 14:42 | Crear | Villager (Male) |
| 14:44 | Crear | Archer |
| 15:03 | Crear | Archer |
| 15:08 | Crear | Archer |
| 15:41 | Crear | Archer |
| 15:41 | Crear | Archer |
| 15:42 | Crear | Villager (Male) |
| 15:44 | Crear | Villager (Male) |
| 15:47 | Construir | Farm |
| 15:50 | Construir | Farm |
| 15:53 | Crear | Villager (Male) |
| 16:03 | Investigar | Padded Archer Armor |
| 16:10 | Investigar | Wheelbarrow |
| 16:35 | Construir | House |
| 16:37 | Construir | House |
| 16:40 | Crear | Archer |
| 16:41 | Crear | Archer |
| 16:52 | Construir | House |
| 16:57 | Crear | Villager (Male) |
| 17:01 | Crear | Archer |
| 17:28 | Crear | Villager (Male) |
| 17:39 | Crear | Archer |
| 18:11 | Crear | Villager (Male) |
| 18:15 | Construir | Farm |
| 18:16 | Construir | Farm |
| 18:18 | Construir | Farm |
| 18:19 | Crear | Villager (Male) |
| 18:30 | Crear | Archer |
| 19:04 | Construir | Archery Range |
| 19:44 | Investigar | Castle Age |
| 19:44 | Investigar | Castle Age |
| 19:47 | Construir | House |
| 19:50 | Construir | House |
| 19:50 | Construir | Farm |
| 20:30 | Crear | Villager (Male) |
| 20:31 | Crear | Archer |
| 20:31 | Crear | Archer |
| 20:40 | Investigar | Horse Collar |
| 20:46 | Investigar | Gold Mining |
| 21:11 | Crear | Archer |
| 22:12 | Construir | House |
| 22:14 | Construir | House |
| 22:17 | Construir | House |
| 22:24 | Edad | Edad de los Castillos |
| 22:25 | Crear | Bolas Rider |
| 22:25 | Crear | Bolas Rider |
| 22:25 | Crear | Bolas Rider |
| 22:31 | Construir | Archery Range |
| 22:33 | Investigar | Leather Archer Armor |
| 22:38 | Investigar | Bodkin Arrow |
| 22:39 | Investigar | Leather Archer Armor |
| 22:43 | Crear | Villager (Male) |
| 22:46 | Investigar | Bow Saw |
| 23:06 | Crear | Bolas Rider |
| 23:06 | Crear | Bolas Rider |
| 23:07 | Crear | Bolas Rider |
| 23:18 | Crear | Villager (Male) |
| 23:44 | Construir | Watch Tower |
| 23:48 | Crear | Bolas Rider |
| 23:48 | Crear | Bolas Rider |
| 23:48 | Crear | Bolas Rider |
| 24:03 | Crear | Bolas Rider |
| 24:03 | Crear | Bolas Rider |
| 24:18 | Crear | Bolas Rider |
| 24:34 | Crear | Bolas Rider |
Build order — 3Q-
Primeras 150 de 376 acciones detectadas
| 0:02 | Crear | Villager (Male) |
| 0:02 | Crear | Villager (Male) |
| 0:02 | Crear | Villager (Male) |
| 0:03 | Construir | House |
| 0:05 | Construir | House |
| 1:10 | Crear | Villager (Male) |
| 1:10 | Crear | Villager (Male) |
| 1:32 | Crear | Villager (Male) |
| 1:32 | Crear | Villager (Male) |
| 1:50 | Construir | Lumber Camp |
| 1:52 | Construir | House |
| 2:01 | Crear | Villager (Male) |
| 2:01 | Crear | Villager (Male) |
| 2:20 | Crear | Villager (Male) |
| 2:20 | Crear | Villager (Male) |
| 2:57 | Crear | Villager (Male) |
| 2:57 | Crear | Villager (Male) |
| 3:20 | Crear | Villager (Male) |
| 3:47 | Crear | Villager (Male) |
| 3:47 | Crear | Villager (Male) |
| 4:13 | Crear | Villager (Male) |
| 4:39 | Crear | Villager (Male) |
| 4:39 | Crear | Villager (Male) |
| 4:44 | Construir | Mill |
| 4:55 | Crear | Villager (Male) |
| 4:56 | Crear | Villager (Male) |
| 4:56 | Crear | Villager (Male) |
| 5:34 | Crear | Villager (Male) |
| 6:53 | Investigar | Feudal Age |
| 7:14 | Construir | House |
| 7:50 | Construir | Barracks |
| 8:21 | Crear | Villager (Male) |
| 9:03 | Edad | Edad Feudal |
| 9:08 | Construir | Stable |
| 9:35 | Crear | Scout Cavalry |
| 9:38 | Crear | Villager (Male) |
| 9:39 | Crear | Villager (Male) |
| 9:57 | Construir | House |
| 9:59 | Crear | Villager (Male) |
| 10:01 | Construir | Pasture |
| 10:08 | Construir | House |
| 10:14 | Construir | Palisade Gate |
| 10:16 | Construir | Palisade Wall |
| 10:25 | Investigar | Loom |
| 10:40 | Crear | Scout Cavalry |
| 10:47 | Construir | Pasture |
| 10:52 | Construir | Pasture |
| 10:57 | Construir | House |
| 11:03 | Construir | House |
| 11:05 | Construir | Palisade Wall |
| 11:15 | Crear | Villager (Male) |
| 11:34 | Construir | House |
| 11:39 | Construir | Palisade Wall |
| 11:44 | Crear | Villager (Male) |
| 11:52 | Crear | Villager (Male) |
| 11:57 | Crear | Scout Cavalry |
| 11:57 | Crear | Scout Cavalry |
| 12:04 | Crear | Scout Cavalry |
| 12:47 | Crear | Villager (Male) |
| 12:56 | Crear | Villager (Male) |
| 12:58 | Crear | Scout Cavalry |
| 13:05 | Construir | Blacksmith |
| 13:07 | Construir | House |
| 13:08 | Construir | House |
| 13:43 | Crear | Scout Cavalry |
| 13:44 | Crear | Villager (Male) |
| 13:53 | Investigar | Forging |
| 14:10 | Crear | Villager (Male) |
| 14:18 | Construir | House |
| 14:22 | Construir | Palisade Gate |
| 14:23 | Construir | House |
| 14:26 | Construir | Palisade Wall |
| 14:29 | Construir | House |
| 14:30 | Construir | Palisade Wall |
| 14:42 | Crear | Villager (Male) |
| 15:04 | Crear | Villager (Male) |
| 15:13 | Construir | Lumber Camp |
| 15:17 | Crear | Villager (Male) |
| 15:23 | Construir | Mining Camp |
| 15:36 | Crear | Scout Cavalry |
| 15:50 | Construir | Pasture |
| 15:51 | Construir | Pasture |
| 15:54 | Construir | Pasture |
| 16:07 | Crear | Villager (Male) |
| 16:12 | Construir | Pasture |
| 16:15 | Construir | House |
| 16:31 | Investigar | Scale Barding Armor |
| 16:34 | Crear | Villager (Male) |
| 16:51 | Crear | Villager (Male) |
| 16:59 | Construir | Pasture |
| 17:17 | Crear | Scout Cavalry |
| 17:18 | Crear | Villager (Male) |
| 17:22 | Construir | Pasture |
| 17:51 | Crear | Scout Cavalry |
| 17:51 | Crear | Scout Cavalry |
| 17:56 | Construir | Pasture |
| 17:57 | Crear | Villager (Male) |
| 18:02 | Construir | Pasture |
| 18:03 | Crear | Villager (Male) |
| 18:21 | Construir | Pasture |
| 18:23 | Construir | Pasture |
| 19:05 | Crear | Scout Cavalry ×4 |
| 19:06 | Crear | Villager (Male) |
| 19:35 | Crear | Villager (Male) |
| 19:35 | Crear | Villager (Male) |
| 19:40 | Construir | Pasture |
| 20:08 | Investigar | Tech 1014 |
| 20:13 | Investigar | Double-Bit Axe |
| 20:34 | Crear | Villager (Male) |
| 21:01 | Construir | Pasture |
| 21:03 | Crear | Villager (Male) |
| 21:03 | Crear | Villager (Male) |
| 21:30 | Investigar | Castle Age |
| 22:26 | Construir | Stable |
| 22:38 | Crear | Scout Cavalry |
| 22:38 | Crear | Scout Cavalry |
| 22:46 | Construir | Stable |
| 22:55 | Crear | Scout Cavalry |
| 23:10 | Construir | House |
| 23:12 | Construir | House |
| 23:13 | Construir | House |
| 23:32 | Crear | Scout Cavalry |
| 23:33 | Crear | Scout Cavalry |
| 23:33 | Crear | Scout Cavalry |
| 23:49 | Crear | Scout Cavalry |
| 23:56 | Crear | Scout Cavalry |
| 23:57 | Crear | Scout Cavalry |
| 23:57 | Crear | Scout Cavalry |
| 24:05 | Crear | Villager (Male) |
| 24:10 | Edad | Edad de los Castillos |
| 24:13 | Investigar | Light Cavalry (upgrade) |
| 24:14 | Investigar | Iron Casting |
| 24:15 | Investigar | Husbandry |
| 24:17 | Crear | Villager (Male) |
| 24:25 | Construir | Pasture |
| 24:37 | Crear | Scout Cavalry |
| 24:37 | Crear | Scout Cavalry |
| 24:46 | Construir | Palisade Gate |
| 24:48 | Construir | House |
| 24:49 | Construir | House |
| 24:58 | Crear | Scout Cavalry |
| 24:59 | Crear | Scout Cavalry |
| 24:59 | Crear | Villager (Male) |
| 25:18 | Construir | Pasture |
| 25:57 | Crear | Villager (Male) |
| 25:58 | Crear | Villager (Male) |
| 25:58 | Crear | Villager (Male) |
| 26:02 | Crear | Villager (Male) |
| 26:02 | Crear | Villager (Male) |
| 26:09 | Construir | Palisade Wall |
Build order — Fred's real son
Primeras 150 de 652 acciones detectadas
| 0:00 | Crear | Villager (Male) |
| 0:01 | Crear | Villager (Male) |
| 0:02 | Construir | House |
| 0:03 | Construir | House |
| 0:10 | Crear | Villager (Male) |
| 0:10 | Crear | Villager (Male) |
| 1:31 | Crear | Villager (Male) |
| 1:31 | Crear | Villager (Male) |
| 1:31 | Crear | Villager (Male) |
| 2:06 | Crear | Villager (Male) |
| 2:07 | Crear | Villager (Male) |
| 2:15 | Construir | House |
| 2:17 | Crear | Villager (Male) |
| 2:17 | Crear | Villager (Male) |
| 2:17 | Crear | Villager (Male) |
| 2:48 | Crear | Villager (Male) |
| 2:48 | Crear | Villager (Male) |
| 2:48 | Crear | Villager (Male) |
| 3:02 | Crear | Villager (Male) |
| 3:42 | Construir | Lumber Camp |
| 3:46 | Crear | Villager (Male) |
| 3:46 | Crear | Villager (Male) |
| 4:29 | Crear | Villager (Male) |
| 4:44 | Crear | Villager (Male) |
| 5:20 | Crear | Villager (Male) |
| 5:42 | Crear | Villager (Male) |
| 6:22 | Investigar | Feudal Age |
| 6:22 | Investigar | Feudal Age |
| 6:35 | Construir | Mill |
| 7:18 | Investigar | Loom |
| 7:30 | Construir | House |
| 8:07 | Crear | Villager (Male) |
| 8:08 | Investigar | Loom |
| 8:32 | Edad | Edad Feudal |
| 8:32 | Construir | House |
| 8:35 | Construir | Stable |
| 8:48 | Investigar | Double-Bit Axe |
| 8:48 | Investigar | Double-Bit Axe |
| 8:49 | Investigar | Double-Bit Axe |
| 9:04 | Construir | House |
| 9:05 | Crear | Villager (Male) |
| 9:07 | Construir | Farm |
| 9:09 | Construir | Farm |
| 9:28 | Construir | Farm |
| 9:34 | Construir | Palisade Wall |
| 9:41 | Crear | Scout Cavalry |
| 9:41 | Crear | Scout Cavalry |
| 9:44 | Construir | Farm |
| 9:52 | Crear | Villager (Male) |
| 10:15 | Construir | Farm |
| 10:17 | Crear | Scout Cavalry |
| 10:22 | Crear | Villager (Male) |
| 10:23 | Crear | Villager (Male) |
| 10:32 | Construir | House |
| 10:36 | Construir | Palisade Wall |
| 10:36 | Construir | Palisade Wall |
| 10:45 | Construir | Farm |
| 10:52 | Crear | Scout Cavalry |
| 10:58 | Crear | Villager (Male) |
| 11:02 | Construir | Farm |
| 11:04 | Construir | House |
| 11:06 | Construir | Palisade Wall |
| 11:12 | Construir | Palisade Wall |
| 11:19 | Crear | Villager (Male) |
| 11:27 | Crear | Scout Cavalry |
| 11:27 | Crear | Scout Cavalry |
| 11:28 | Crear | Scout Cavalry |
| 11:43 | Crear | Villager (Male) |
| 11:45 | Construir | Farm |
| 11:48 | Construir | Farm |
| 12:05 | Construir | Farm |
| 12:09 | Crear | Scout Cavalry |
| 12:12 | Crear | Villager (Male) |
| 12:19 | Construir | Farm |
| 12:38 | Crear | Scout Cavalry |
| 12:44 | Crear | Villager (Male) |
| 12:50 | Construir | House |
| 12:58 | Construir | Palisade Wall |
| 13:00 | Construir | Palisade Wall |
| 13:03 | Crear | Scout Cavalry |
| 13:15 | Crear | Villager (Male) |
| 13:15 | Crear | Villager (Male) |
| 13:20 | Construir | Palisade Wall |
| 13:27 | Crear | Villager (Male) |
| 13:42 | Crear | Scout Cavalry |
| 14:00 | Construir | Mining Camp |
| 14:05 | Construir | Mining Camp |
| 14:08 | Crear | Villager (Male) |
| 14:09 | Crear | Scout Cavalry |
| 14:14 | Construir | Farm |
| 14:17 | Construir | Farm |
| 14:19 | Construir | Farm |
| 14:23 | Construir | Farm |
| 14:28 | Construir | Farm |
| 14:38 | Crear | Scout Cavalry |
| 14:43 | Crear | Villager (Male) |
| 14:44 | Crear | Villager (Male) |
| 14:49 | Construir | Farm |
| 15:03 | Construir | Blacksmith |
| 15:10 | Crear | Scout Cavalry |
| 15:10 | Crear | Villager (Male) |
| 15:15 | Construir | Farm |
| 15:47 | Crear | Scout Cavalry |
| 15:47 | Crear | Villager (Male) |
| 15:51 | Construir | Farm |
| 15:53 | Investigar | Scale Barding Armor |
| 15:53 | Investigar | Scale Barding Armor |
| 16:08 | Investigar | Bloodlines |
| 16:09 | Investigar | Bloodlines |
| 16:31 | Crear | Villager (Male) |
| 16:36 | Investigar | Forging |
| 16:36 | Investigar | Forging |
| 16:37 | Investigar | Forging |
| 16:48 | Construir | Farm |
| 16:52 | Construir | Farm |
| 16:54 | Construir | Farm |
| 16:57 | Crear | Scout Cavalry |
| 16:58 | Crear | Villager (Male) |
| 17:02 | Construir | House |
| 17:09 | Crear | Scout Cavalry |
| 17:09 | Crear | Villager (Male) |
| 17:25 | Crear | Villager (Male) |
| 17:38 | Construir | House |
| 17:41 | Construir | Mill |
| 17:51 | Crear | Villager (Male) |
| 18:01 | Construir | Farm |
| 18:18 | Crear | Villager (Male) |
| 18:18 | Crear | Scout Cavalry |
| 18:30 | Crear | Scout Cavalry |
| 18:36 | Crear | Villager (Male) |
| 18:45 | Crear | Scout Cavalry |
| 18:47 | Crear | Villager (Male) |
| 18:48 | Crear | Villager (Male) |
| 18:53 | Construir | Farm |
| 19:04 | Crear | Villager (Male) |
| 19:21 | Crear | Villager (Male) |
| 19:23 | Crear | Scout Cavalry |
| 19:32 | Construir | Farm |
| 20:07 | Investigar | Castle Age |
| 20:07 | Investigar | Castle Age |
| 20:30 | Construir | Lumber Camp |
| 20:39 | Crear | Scout Cavalry |
| 20:44 | Construir | Farm |
| 20:50 | Crear | Villager (Male) |
| 22:14 | Investigar | Gold Mining |
| 22:47 | Edad | Edad de los Castillos |
| 22:50 | Investigar | Chain Barding Armor |
| 22:51 | Investigar | Light Cavalry (upgrade) |
| 22:54 | Investigar | Bow Saw |
| 23:02 | Construir | Town Center |
Cronología de la partida
| 7:32 | Steven S Lee · first_building Barracks |
| 7:42 | Claymore_微笑的特雷莎 · first_building Barracks |
| 7:50 | 3Q- · first_building Barracks |
| 7:58 | Spartacus1123 · wall_segment Palisade Wall x1 |
| 8:30 | Steven S Lee · wall_segment Palisade Wall x1 |
| 8:31 | Steven S Lee · wall_segment Palisade Wall x1 |
| 8:32 | Fred's real son · age_up feudal |
| 8:35 | Fred's real son · first_building Stable |
| 8:43 | argum · wall_segment Palisade Wall x13 |
| 8:47 | Spartacus1123 · wall_segment Palisade Wall x10 |
| 8:49 | argum · first_building Barracks |
| 8:53 | Claymore_微笑的特雷莎 · wall_segment Palisade Wall x1 |
| 9:01 | argum · wall_segment Palisade Wall x2 |
| 9:02 | argum · wall_segment Palisade Wall x6 |
| 9:03 | 3Q- · age_up feudal |
| 9:08 | 3Q- · first_building Stable |
| 9:10 | argum · wall_segment Palisade Wall x8 |
| 9:16 | Claymore_微笑的特雷莎 · age_up feudal |
| 9:19 | Claymore_微笑的特雷莎 · first_building Archery Range |
| 9:23 | Steven S Lee · wall_segment Palisade Wall x1 |
| 9:24 | Steven S Lee · wall_segment Palisade Wall x1 |
| 9:24 | Steven S Lee · wall_segment Palisade Wall x1 |
| 9:31 | Steven S Lee · wall_segment Palisade Wall x1 |
| 9:31 | Steven S Lee · wall_segment Palisade Wall x1 |
| 9:32 | Steven S Lee · wall_segment Palisade Wall x1 |
| 9:32 | Steven S Lee · wall_segment Palisade Wall x1 |
| 9:33 | Steven S Lee · wall_segment Palisade Wall x1 |
| 9:34 | Steven S Lee · wall_segment Palisade Wall x1 |
| 9:34 | Fred's real son · wall_segment Palisade Wall x6 |
| 9:37 | Spartacus1123 · first_building Barracks |
| 9:38 | argum · wall_segment Palisade Wall x9 |
| 9:42 | Steven S Lee · age_up feudal |
| 9:45 | argum · wall_segment Palisade Wall x5 |
| 9:46 | Steven S Lee · first_building Archery Range |
| 9:56 | Spartacus1123 · age_up feudal |
| 10:03 | Spartacus1123 · wall_segment Palisade Wall x10 |
| 10:13 | Spartacus1123 · first_building Archery Range |
| 10:16 | 3Q- · wall_segment Palisade Wall x1 |
| 10:27 | argum · age_up feudal |
| 10:27 | argum · wall_segment Palisade Wall x2 |
| 10:34 | argum · first_building Archery Range |
| 10:36 | Fred's real son · wall_segment Palisade Wall x6 |
| 10:36 | Fred's real son · wall_segment Palisade Wall x6 |
| 11:05 | 3Q- · wall_segment Palisade Wall x6 |
| 11:06 | Fred's real son · wall_segment Palisade Wall x2 |
| 11:06 | argum · wall_segment Palisade Wall x1 |
| 11:12 | Fred's real son · wall_segment Palisade Wall x17 |
| 11:27 | Claymore_微笑的特雷莎 · wall_segment Palisade Wall x6 |
| 11:39 | 3Q- · wall_segment Palisade Wall x15 |
| 11:40 | Claymore_微笑的特雷莎 · wall_segment Palisade Wall x3 |
| 11:49 | Steven S Lee · wall_segment Palisade Wall x2 |
| 12:15 | Claymore_微笑的特雷莎 · wall_segment Palisade Wall x1 |
| 12:18 | Claymore_微笑的特雷莎 · wall_segment Palisade Wall x1 |
| 12:31 | Claymore_微笑的特雷莎 · wall_segment Palisade Wall x1 |
| 12:56 | Claymore_微笑的特雷莎 · wall_segment Palisade Wall x14 |
| 12:58 | Fred's real son · wall_segment Palisade Wall x4 |
| 13:00 | Fred's real son · wall_segment Palisade Wall x6 |
| 13:10 | Claymore_微笑的特雷莎 · wall_segment Palisade Wall x6 |
| 13:20 | Fred's real son · wall_segment Palisade Wall x4 |
| 14:00 | Steven S Lee · wall_segment Palisade Wall x13 |
| 14:01 | Steven S Lee · wall_segment Palisade Wall x1 |
| 14:01 | Steven S Lee · wall_segment Palisade Wall x1 |
| 14:03 | Steven S Lee · wall_segment Palisade Wall x8 |
| 14:26 | 3Q- · wall_segment Palisade Wall x7 |
| 14:30 | 3Q- · wall_segment Palisade Wall x1 |
| 14:47 | Spartacus1123 · wall_segment Palisade Wall x1 |
| 15:31 | argum · wall_segment Palisade Wall x3 |
| 17:05 | Spartacus1123 · wall_segment Palisade Wall x1 |
| 17:18 | Spartacus1123 · wall_segment Palisade Wall x6 |
| 17:29 | Spartacus1123 · wall_segment Palisade Wall x1 |
| 17:33 | argum · wall_segment Palisade Wall x1 |
| 19:49 | Spartacus1123 · wall_segment Palisade Wall x6 |
| 19:59 | Spartacus1123 · wall_segment Palisade Wall x1 |
| 22:14 | Claymore_微笑的特雷莎 · wall_segment Palisade Wall x1 |
| 22:24 | Steven S Lee · age_up castle |
| 22:27 | Claymore_微笑的特雷莎 · age_up castle |
| 22:46 | Spartacus1123 · first_market_sell 100 food |
| 22:47 | Fred's real son · age_up castle |
| 23:01 | Spartacus1123 · age_up castle |
| 23:27 | Spartacus1123 · wall_segment Palisade Wall x1 |
| 24:10 | 3Q- · age_up castle |
| 26:09 | 3Q- · wall_segment Palisade Wall x1 |
| 26:11 | argum · wall_segment Stone Wall x5 |
| 26:15 | argum · wall_segment Stone Wall x2 |
| 26:53 | argum · age_up castle |
| 27:11 | argum · first_market_buy 100 wood |
| 27:27 | Spartacus1123 · wall_segment Palisade Wall x1 |
| 27:45 | Fred's real son · wall_segment Palisade Wall x1 |
| 27:50 | Claymore_微笑的特雷莎 · first_market_sell 100 food |
| 27:58 | argum · first_building Siege Workshop |
| 28:19 | Spartacus1123 · wall_segment Palisade Wall x1 |
| 30:09 | Fred's real son · first_building Siege Workshop |
| 30:12 | Steven S Lee · first_market_buy 100 wood |
| 30:25 | argum · wall_segment Stone Wall x9 |
| 30:29 | Spartacus1123 · first_building Monastery |
| 34:24 | Spartacus1123 · age_up imperial |
| 34:28 | Spartacus1123 · first_market_buy 100 food |
| 34:56 | Claymore_微笑的特雷莎 · wall_segment Palisade Wall x1 |
| 35:36 | argum · first_building Castle |
| 35:52 | argum · first_building Monastery |
| 37:43 | Claymore_微笑的特雷莎 · first_market_buy 100 wood |
| 37:45 | Spartacus1123 · first_building Castle |
| 37:47 | Steven S Lee · first_building Castle |
| 38:28 | Fred's real son · first_market_sell 100 wood |
| 40:09 | argum · tribute_sent a jugador 1 |
| 40:09 | argum · tribute_sent a jugador 3 |
| 40:09 | argum · tribute_sent a jugador 4 |
| 40:09 | argum · tribute_sent a jugador 5 |
| 40:09 | argum · tribute_sent a jugador 6 |
| 41:42 | Fred's real son · age_up imperial |
| 43:50 | Steven S Lee · first_market_sell 500 wood |
| 44:26 | argum · wall_segment Stone Wall x3 |
| 47:04 | Steven S Lee · age_up imperial |
| 47:46 | argum · wall_segment Stone Wall x5 |
| 47:47 | argum · wall_segment Stone Wall x1 |
| 48:36 | Fred's real son · first_market_buy 100 wood |
| 49:35 | 3Q- · first_building Castle |
| 49:53 | Claymore_微笑的特雷莎 · first_building Monastery |
| 50:35 | Claymore_微笑的特雷莎 · first_building Castle |
| 52:31 | Spartacus1123 · resign |
| 53:28 | argum · age_up imperial |
| 53:34 | Claymore_微笑的特雷莎 · age_up imperial |
[ ANÁLISIS IA · 1 CRÉDITO ]
¿Qué pasó realmente en esta partida?
Wolo.gg analiza cada decisión: build order, eco, micro, errores típicos por bracket. Análisis personalizado por WhatsApp o Discord en 30 segundos.
Guía civ
Muiscas
Guía mapa
Arabia
Perfil
argum